 Dungeon Crawl Stone Soup version 0.26-a0-648-g87339cca5e (webtiles) character file.

Game seed: 11900505719983065134

8459 Borbozo the Cleaver (level 11, 0/99 HPs)
             Began as a Deep Dwarf Fighter on Sept 25, 2020.
             Was an Elder of Makhleb.
             Shot with a bolt by an orc knight (4 damage)
             ... on level 1 of the Orcish Mines.
             The game lasted 01:49:50 (10030 turns).

Borbozo the Cleaver (Deep Dwarf Fighter)           Turns: 10030, Time: 01:49:51

Health: 0/99       AC: 15    Str: 21    XL:     11   Next: 10%
Magic:  7/7        EV:  9    Int:  9    God:    Makhleb [****..]
Gold:   744        SH: 20    Dex: 14    Spells: 10/10 levels left

rFire    + . .     SeeInvis .   a - +6 war axe
rCold    . . .     Faith    .   g - +3 kite shield
rNeg     . . .     Spirit   .   G - +2 chain mail {rC+}
rPois    .         Reflect  +   x - +0 helmet
rElec    .         Harm     .   q - +0 cloak
rCorr    .         Rampage  .   (no gloves)
MR       +....                  (no boots)
Stlth    ..........             U - amulet of reflection
HPRegen  0.00/turn              N - ring of fire
MPRegen  0.10/turn              (no ring)

@: non-regenerating, lightly drained
A: damage resistance, heal wounds, sense surroundings 2, no regeneration
a: Heal Wounds, Minor Destruction, Lesser Servant of Makhleb, Major Destruction,
Renounce Religion


You were on level 1 of the Orcish Mines.
You worshipped Makhleb.
Makhleb was greatly pleased with you.
You visited 3 branches of the dungeon, and saw 11 of its levels.

You collected 744 gold pieces.

Inventory:

Hand Weapons
 a - a +6 war axe (weapon)
 f - a +5 spear of venom
 o - a +0 dagger of venom
 u - a +2 vorpal dire flail
 w - a +0 vorpal flail
 E - a +1 trident of venom
 F - a +1 dagger of freezing
 K - a +0 short sword of venom
 Q - a +2 short sword of distortion
 R - a +0 vampiric rapier
 T - a cursed +4 spear
 V - a +2 flail of protection
Missiles
 s - 13 curare-tipped darts
 t - 4 atropa-tipped darts
 B - 30 poisoned darts (quivered)
 X - 4 silver javelins
Armour
 b - a +3 scale mail
 c - a +0 kite shield
 g - a +3 kite shield (worn)
 q - a +0 cloak (worn)
 x - a +0 helmet (worn)
 G - a +2 chain mail of cold resistance (worn)
 L - a +2 robe of cold resistance
 O - a +2 ring mail of fire resistance
 P - a +0 scale mail
Jewellery
 e - a cursed -4 ring of intelligence {unknown}
 N - a ring of fire (left hand)
 S - an uncursed ring of see invisible {unknown}
 U - an amulet of reflection (around neck)
Wands
 l - a wand of enslavement (6)
 p - a wand of paralysis (24)
 A - a wand of acid (6)
 C - a wand of polymorph (7)
 J - a wand of flame (14)
 Y - a wand of iceblast (10)
Scrolls
 i - a scroll of acquirement {unknown}
 v - a scroll of blinking
 y - 2 scrolls of teleportation
 I - a scroll of vulnerability {unknown}
 W - 3 scrolls of immolation
 Z - a scroll of fear {unknown}
Potions
 d - 4 potions of heal wounds
 h - 2 potions of curing
 j - a potion of lignification {unknown}
 k - a potion of invisibility {unknown}
 m - 2 potions of berserk rage
 n - 2 potions of ambrosia
 r - a potion of mutation {unknown}
 z - a potion of brilliance
 D - 3 potions of stabbing
 H - a potion of magic
 M - a potion of might


   Skills:
 + Level 6.6(6.5) Fighting
 + Level 12.2(12.0) Axes
 + Level 2.5(2.4) Throwing
 + Level 7.2(7.1) Armour
 + Level 4.2(4.1) Dodging
 + Level 1.4(1.3) Stealth
 + Level 9.5(9.4) Shields
 + Level 0.2(0.1) Evocations


You had 10 spell levels left.
You didn't know any spells.
Your spell library contained the following spells:

 Spells                   Type           Power        Failure   Level
 Freeze                   Ice            #...         100%        1
 Frozen Ramparts          Ice            #.....       100%        3
 Ozocubu's Armour         Ice            #.......     100%        3
 Cause Fear               Hex            #.........   100%        4
 Hailstorm                Conj/Ice       #.......     100%        4
 Summon Ice Beast         Ice/Summ       #.......     100%        4
 Silence                  Hex/Air        #.........   100%        5
 Yara's Violent Unravell  Hex/Tmut       #.........   100%        5
 Discord                  Hex            #.........   100%        8


Dungeon Overview and Level Annotations

Branches:
Dungeon (9/15)             Temple (1/1) D:7             Orc (1/2) D:9
   Lair: D:8-11

Altars:
Ashenzari
Cheibriados
Dithmenos
Elyvilon
Fedhas
Gozag
Hepliaklqana
Kikubaaqudgha
Makhleb
Nemelex Xobeh
Okawaru
Qazlal
Ru
Sif Muna
Trog
Uskayaw
Vehumet
Wu Jian
Xom
Yredelemnul
Zin
The Shining One

Shops:
D:7 }


Innate Abilities, Weirdness & Mutations

You are resistant to damage.
You can heal yourself by infusing magical energy.
You passively map the area around you.
You do not regenerate.


Message History

The orc knight wields a +0 arbalest.
The orc knight shoots a bolt.
You reflect the bolt off an invisible shield around you!
The bolt closely misses the orc knight.
Found a bolt.
You see here a +0 whip.
Things that are here:
a +0 short sword; a +0 plate armour The orc knight roars a battlecry!
The orc goes into a battle-frenzy!
You see here a +0 whip.
The orc knight shoots a bolt.
The bolt hits you!!
* * * LOW HITPOINT WARNING * * *
Things that are here:
a bolt; a +0 dagger; a +0 robe The orc knight shoots a bolt.
The bolt hits you!!
* * * LOW HITPOINT WARNING * * *
Things that are here:
a bolt; a +0 whip You fail to use your ability.
The orc knight shoots a bolt.
The bolt hits you!
You die...

,, , , ,, , , ,,
............(. .. ,, *
,..............#......o..
*,
............o......>.o...,
, ............##.##.......
* ,
....................#..
,.....................# ,
.........#.......#.# ,, ,
* .......(@)...##...#* ,
,* #..##.......#....### **
* ,#...).....)$.#..## ,
##......#.)##....# * ,*,
###.....).#....## *, * ,
#....).[).#>### *
*,.................##
©.....##.##........# , *
..#..# ###........##


You could see an orc knight.

Vanquished Creatures
  Harold (D:9)
  A two-headed ogre (D:8)
  Sonja (Orc:1)
  An orc sorcerer (Orc:1)
  A troll (Orc:1)
  Prince Ribbit (D:6)
  A hippogriff (D:8)
  5 yaks (D:9)
  Duvessa (D:6)
  7 orc warriors
  2 black bears
  An ice beast (D:6)
  4 sky beasts
  4 phantoms
  5 ogres
  5 necrophages (D:7)
  2 centaurs
  A crocodile (D:8)
  3 gnoll sergeants
  9 bullfrogs
  Dowan (D:6)
  4 scorpions
  4 wights (D:7)
  2 electric eels
  A howler monkey (D:9)
  A jelly (D:8)
  A centaur zombie (D:8)
  3 hounds
  12 orc wizards
  3 iguanas
  Natasha (twice) (D:2)
  2 worker ants
  2 hound zombies
  A mummy (D:7)
  Robin (D:3)
  27 gnolls
  A howler monkey skeleton (D:6)
  8 adders
  2 shadow imps
  A white imp (D:5)
  3 ufetubi
  2 oozes
  2 adder skeletons
  5 leopard geckos
  41 orcs
  9 giant cockroaches
  13 goblins
  10 hobgoblins
  8 jackals (D:4)
  10 kobolds
  4 quokkas
  A ball python (D:3)
  8 bats
  7 frilled lizards
  A leopard gecko zombie (D:7)
  A quokka zombie (D:7)
  6 rats
266 creatures vanquished.

Vanquished Creatures (others)
  A human (D:3)
  3 withered plants (D:7)
4 creatures vanquished.

Grand Total: 270 creatures vanquished

Notes
Turn   | Place    | Note
-------+----------+-------------------------------------------
     0 | D:1      | Borbozo the Deep Dwarf Fighter began the quest for the Orb.
     0 | D:1      | Reached XP level 1. HP: 20/20 MP: 1/1
   105 | D:1      | Reached XP level 2. HP: 27/27 MP: 2/2
   515 | D:1      | Reached XP level 3. HP: 34/34 MP: 3/3
  1053 | D:2      | Reached skill level 3 in Axes
  1165 | D:2      | Noticed Natasha
  1177 | D:2      | Killed Natasha
  1429 | D:2      | Noticed Natasha
  1447 | D:2      | Killed Natasha
  1447 | D:2      | Reached XP level 4. HP: 7/42 MP: 4/4
  1497 | D:2      | Reached XP level 5. HP: 44/49 MP: 5/5
  1814 | D:2      | Reached skill level 4 in Axes
  2454 | D:3      | Found an ancient bone altar of Kikubaaqudgha.
  2455 | D:3      | Reached skill level 1 in Dodging
  2554 | D:3      | Found an ancient bone altar of Kikubaaqudgha.
  2555 | D:3      | Noticed a human
  2559 | D:3      | Killed a human
  2732 | D:3      | Noticed Robin
  2762 | D:3      | Killed Robin
  3096 | D:4      | Reached XP level 6. HP: 32/56 MP: 6/6
  3919 | D:4      | Found a blossoming altar of Fedhas.
  4173 | D:4      | Reached skill level 5 in Axes
  4695 | D:5      | Entered Level 5 of the Dungeon
  4848 | D:5      | Reached skill level 5 in Shields
  4876 | D:5      | Reached skill level 1 in Throwing
  4876 | D:5      | Reached XP level 7. HP: 62/62 MP: 7/7
  5088 | D:5      | Found a burning altar of Makhleb.
  5100 | D:5      | Became a worshipper of Makhleb the Destroyer
  5226 | D:5      | Reached skill level 5 in Armour
  5290 | D:5      | Found a stormy altar of Qazlal.
  5351 | D:5      | Reached skill level 6 in Axes
  5412 | D:5      | Found a shimmering altar of Xom.
  5676 | D:6      | Noticed Prince Ribbit
  6042 | D:6      | Killed Prince Ribbit
  6042 | D:6      | Reached XP level 8. HP: 23/72 MP: 8/8
  6107 | D:6      | Reached skill level 7 in Axes
  6182 | D:6      | You fall into a shaft and drop 2 floors!
  6637 | D:6      | Reached skill level 8 in Axes
  6682 | D:6      | Noticed Duvessa
  6687 | D:6      | Noticed Dowan
  6715 | D:6      | Killed Duvessa
  6715 | D:6      | Gained mutation: You passively map the area around you.
                  | [Deep Dwarf growth]
  6715 | D:6      | Reached XP level 9. HP: 52/79 MP: 8/8
  6733 | D:6      | Killed Dowan
  6802 | D:6      | Reached skill level 9 in Axes
  7154 | D:6      | Reached * piety under Makhleb
  7572 | D:7      | Reached skill level 5 in Fighting
  7599 | D:7      | Reached skill level 10 in Axes
  7710 | D:7      | Found Degeg's Gadget Shop.
  7724 | D:7      | Found a snail-covered altar of Cheibriados.
  7773 | D:7      | Found a staircase to the Ecumenical Temple.
  7855 | D:7      | Found a shadowy altar of Dithmenos.
  7972 | Temple   | Entered the Ecumenical Temple
  8164 | D:8      | Noticed a two-headed ogre
  8192 | D:8      | Killed a two-headed ogre
  8192 | D:8      | Reached XP level 10. HP: 47/88 MP: 7/7
  8338 | D:8      | Reached ** piety under Makhleb
  8619 | D:8      | Reached skill level 1 in Stealth
  8990 | D:9      | Reached skill level 11 in Axes
  9016 | D:9      | Noticed Harold
  9042 | D:9      | Killed Harold
  9377 | D:9      | Reached *** piety under Makhleb
  9698 | D:9      | Found a staircase to the Orcish Mines.
  9929 | Orc:1    | Entered Level 1 of the Orcish Mines
  9929 | Orc:1    | Noticed Sonja
  9947 | Orc:1    | Noticed an orc knight
  9948 | Orc:1    | Killed Sonja
  9950 | Orc:1    | Reached skill level 12 in Axes
  9970 | Orc:1    | Reached XP level 11. HP: 55/99 MP: 7/7
  9974 | Orc:1    | Noticed an orc sorcerer
  9994 | Orc:1    | Killed an orc sorcerer
 10018 | Orc:1    | Reached **** piety under Makhleb
 10029 | Orc:1    | HP: 4/99 [orc knight/bolt (19)]
 10030 | Orc:1    | Shot with a bolt by an orc knight

Illustrated notes

Levels and vault maps discovered:
D:1:      evilmike_arrival_hilbert_curve, layout_basic
D:2:      layout_loops_ring, uniq_natasha
D:3:      layout_loops_cross, lemuel_crystal_altar, tgw_kikubaaqudgha,
          uniq_robin
D:4:      layout_layer_cave, kennysheep_little_box
D:5:      layout_cave_pods, overflow_temple_1_default,
          grunt_temple_overflow_open, grunt_decor_mini_mirrors
D:6:      minmay_general_purpose_star, layout_basic, uniq_duvessa,
          uniq_prince_ribbit1
D:7:      layout_cave_pools, nicolae_dithmenos_the_darkroom,
          minmay_temple_entry_antechambers, serial_shops, nicolae_shop_stone,
          basic_altar, serial_undead, serial_undead_f, serial_undead_f,
          serial_undead_a, serial_undead_f, serial_undead_e,
          kennysheep_another_room
D:8:      layout_basic, lightli_bailey_entry_fortress, minmay_misc_feat_plants
D:9:      layout_roguey, david_orc_4, hive_lemuel, uniq_harold
Temple:   eino_temple_rhombus
Orc:1:    layout_caves, gammafunk_ghost_berserking_beasts,
          hangedman_feature_mirror, minmay_orc_temple_a, uniq_erolcha,
          uniq_sonja

Skill      XL: |  1  2  3  4  5  6  7  8  9 10 |
---------------+-------------------------------+-----
Fighting       | 3 4 5 6 |  6.6
Axes           | 3 4 5 6 8 10 12 | 12.2
Shields        | 4 5 6 8 9 |  9.5
Armour         | 4 5 6 7 |  7.2
Dodging        | 1 2 3 4 |  4.2
Throwing       | 1 2 |  2.5
Stealth        | 1 |  1.4
Evocations     | |  0.2

Action                   |  1- 3 |  4- 6 |  7- 9 | 10-12 || total
-------------------------+-------+-------+-------+-------++-------
Melee: War axe           |    87 |   255 |   338 |   282 ||   962
Throw: Dart              |     7 |    20 |    14 |    11 ||    52
 Abil: Heal Wounds       |       |     1 |    11 |     3 ||    15
Evoke: Wand              |       |     2 |       |       ||     2
  Use: Scroll            |       |    12 |    16 |     2 ||    30
       Potion            |       |     6 |     5 |       ||    11
Armor: Scale mail        |    40 |   125 |   125 |    51 ||   341
       Chain mail        |       |       |       |    12 ||    12
Dodge: Dodged            |    30 |    94 |    86 |    38 ||   248
Block: Kite shield       |    79 |   183 |   238 |   215 ||   715
       Reflection        |       |       |       |     7 ||     7

Table legend: (Time is in decaauts)
 A = Elapsed time spent in this place.
 B = Non-inter-level travel time spent in this place.
 C = Inter-level travel time spent in this place.
 D = Time resting spent in this place.
 E = Time spent auto-exploring this place.
 F = Levels seen in this place.
 G = Mean time per level.
                   A        B        C        D        E       F      G
               +--------+--------+--------+--------+--------+-----+--------+
         Total |  10255 |  10075 |    180 |    853 |      0 |  11 |  932.3 |
       Dungeon |  10025 |   9845 |    180 |    853 |      0 |   9 | 1113.9 |
        Temple |    131 |    131 |      0 |      0 |      0 |   1 |  131.0 |
  Orcish Mines |     98 |     98 |      0 |      0 |      0 |   1 |   98.0 |
               +--------+--------+--------+--------+--------+-----+--------+

Top non-repeatable levels by time:
     D:4: 1701 daAuts
     D:5: 1310 daAuts
     D:2: 1191 daAuts
     D:6: 1124 daAuts
     D:1: 1094 daAuts
     D:8: 971 daAuts
     D:9: 946 daAuts
     D:3: 842 daAuts
     D:7: 841 daAuts
  Temple: 131 daAuts
   Orc:1: 98 daAuts
